 Dungeon Crawl Stone Soup version 0.28-a0-1567-g1695149f81 (webtiles) character file.

Game seed: 14797933838640984418

154 issech the Cudgeller (level 5, -3/52 HPs)
             Began as a Troll Fighter on Jan 19, 2022.
             Killed from afar by an orc wizard (7 damage)
             ... with a magic dart
             ... on level 3 of the Dungeon.
             The game lasted 00:09:07 (1986 turns).

issech the Cudgeller (Troll Fighter)                Turns: 1986, Time: 00:09:08

Health: -3/52      AC:  4    Str: 24    XL:     5   Next: 13%
Magic:  4/4        EV:  9    Int:  4    God:
Gold:   95         SH:  0    Dex: 17    Spells: 4/4 levels left

rFire   . . .      SeeInvis .   n - +0 mace
rCold   . . .      Faith    .   c - +0 kite shield
rNeg    . . .      Spirit   .   b - +0 robe
rPois   .          Reflect  .   (helmet restricted)
rElec   .          Harm     .   (no cloak)
rCorr   .          Rampage  .   (gloves unavailable)
Will    .....                   (boots unavailable)
Stlth   +.........              (no amulet)
HPRegen 0.97/turn               g - +6 ring of dexterity
MPRegen 0.09/turn               (no ring)

@: confused
A: large, unfitting armour, claws 3, regeneration 1, shaggy fur 1, tough skin 1
a: no special abilities


You were on level 3 of the Dungeon.
You visited 1 branch of the dungeon, and saw 3 of its levels.

You collected 95 gold pieces.

Inventory:

Hand Weapons
 a - a +0 flail
 l - a +0 hunting sling
 n - a +0 mace (weapon)
 r - a +1 trident of protection
Missiles
 f - 83 stones (quivered)
 h - 16 arrows
 k - 7 sling bullets
Armour
 b - a +0 robe (worn)
 c - a +0 kite shield (worn)
 o - a +0 animal skin
 p - a +1 helmet
Jewellery
 g - a +6 ring of dexterity (left claw)
Scrolls
 m - 4 scrolls of teleportation
Potions
 d - a potion of might
 e - a potion of degeneration {unknown}
 i - 2 potions of heal wounds {unknown}


   Skills:
 + Level 2.9 Fighting
 + Level 3.2 Maces & Flails
 + Level 3.1 Dodging
 + Level 0.2 Stealth
 + Level 3.1 Shields


You had 4 spell levels left.
You didn't know any spells.
Your spell library was empty.

Dungeon Overview and Level Annotations

Branches:
Dungeon (3/15)

Altars:


Innate Abilities, Weirdness & Mutations

You are too large for most types of armour.
You have claws for hands.
Your natural rate of healing is unusually fast.
You are covered in fur. (AC +1)
You have tough skin. (AC +1)


Message History

There is a stone staircase leading down here.
You climb downwards.
There is a stone staircase leading up here.
The orc wizard points at you and mumbles some strange words.
The magic dart hits you. The orc wizard casts a spell at you.
You are confused.
You bump into the rock wall.
You bump into the rock wall.
The orc wizard hits you with the +6 spear of Moderation {freeze, Fly Int-4 Dex+10 Stlth-}.
The orc wizard freezes you.
You feel less confused. You block the orc wizard's attack.
The orc wizard gestures at you while chanting.
You are confused.
You're too confused to move!
The orc wizard casts a spell.
The orc wizard flickers and vanishes!
Deactivating autopickup; reactivate with Ctrl-A.
You hit something. Something hits you! Something freezes you.
You hear some strange, mumbled words.
You are more confused.
Something hits you. Something freezes you. Something hits you!
Something freezes you.
You hear some strange, mumbled words.
A puff of flame appears from out of thin air!
The puff of flame misses you.
You hear some strange, mumbled words.
A puff of flame appears from out of thin air!
The puff of flame hits you. Something hits you. Something freezes you.
Something hits you!
* * * LOW HITPOINT WARNING * * *
Something freezes you.
* * * LOW HITPOINT WARNING * * *
You sock something!
You hear some strange, mumbled words.
A magic dart appears from out of thin air!
The magic dart hits you!
You die...

#### #....# #..# +### ...# .....#
#..## ##..## ...#####....# #...##
#....+ #. ..........#.###....#
#....# #. ...##....##..##<...#
##..#### #
...##......#.......####'##..# #
...##.#..#..........<....##.#
.....<##.####.#{......(.##..####
......##..# #...@.......(......#
.....####.#####................##
.....#......# #....##......(.....
.....#......#......##..........##
######......#......##..........#
#......#......##.........[#
#......#......#############
########....... #........


There were no monsters in sight!

Vanquished Creatures
  Natasha (thrice) (D:2)
  Robin (D:2)
  An adder (D:2)
  A dart slug (D:2)
  An orc (D:3)
  2 ball pythons
  5 bats
  7 endoplasms
  11 goblins
  5 hobgoblins (D:2)
  2 jackals (D:3)
  A quokka (D:2)
  6 frilled lizards
  4 kobolds
  5 rats
55 creatures vanquished.

Notes
Turn   | Place    | Note
-------+----------+-------------------------------------------
     0 | D:1      | issech the Troll Fighter began the quest for the Orb.
     0 | D:1      | Reached XP level 1. HP: 22/22 MP: 0/0
   121 | D:1      | Reached XP level 2. HP: 29/29 MP: 1/1
   576 | D:2      | Noticed Robin
   582 | D:2      | Reached XP level 3. HP: 36/36 MP: 2/2
   602 | D:2      | Killed Robin
   720 | D:2      | Noticed Natasha
   744 | D:2      | Killed Natasha
   745 | D:2      | Reached XP level 4. HP: 39/44 MP: 3/3
   873 | D:2      | Noticed Natasha
   917 | D:2      | Killed Natasha
  1230 | D:2      | Noticed Natasha
  1239 | D:2      | Killed Natasha
  1240 | D:2      | Reached XP level 5. HP: 52/52 MP: 4/4
  1772 | D:3      | Identified the +6 spear of Moderation {freeze, Fly Int-4
                  | Dex+10 Stlth-}
  1985 | D:3      | HP: 2/52 [something (5)]
  1986 | D:3      | Killed from afar by an orc wizard

Illustrated notes

Levels and vault maps discovered:
D:1:      saegor_arrival_simple_d, layout_basic, serial_park_tiny_pond,
          minmay_tiny_reverse_x
D:2:      layout_loops_cross, kennysheep_pointless_box, grunt_ministairs_9,
          uniq_natasha, uniq_robin
D:3:      minmay_bubble_buster, layout_rooms

Skill      XL: |  1  2  3  4 |
---------------+-------------+-----
Maces & Flails | 2 3 |  3.2
Dodging        | 3 |  3.1
Shields        | 3 |  3.1
Fighting       | |  2.9
Stealth        | |  0.2

Action                   |  1- 3 |  4- 6 || total
-------------------------+-------+-------++-------
Melee: Flail             |    94 |    29 ||   123
       Mace              |       |    51 ||    51
Throw: Dart              |       |     4 ||     4
  Use: Scroll            |       |     4 ||     4
 Stab: Sleeping          |     2 |     2 ||     4
Armor: Robe              |    43 |    25 ||    68
Dodge: Dodged            |    61 |    43 ||   104
Block: Kite shield       |    59 |    33 ||    92

Table legend: (Time is in decaauts)
 A = Elapsed time spent in this place.
 B = Non-inter-level travel time spent in this place.
 C = Inter-level travel time spent in this place.
 D = Time resting spent in this place.
 E = Time spent auto-exploring this place.
 F = Levels seen in this place.
 G = Mean time per level.
                   A        B        C        D        E       F      G
               +--------+--------+--------+--------+--------+-----+--------+
         Total |   2086 |   1931 |    155 |    249 |    722 |   3 |  695.3 |
       Dungeon |   2086 |   1931 |    155 |    249 |    722 |   3 |  695.3 |
               +--------+--------+--------+--------+--------+-----+--------+

Top non-repeatable levels by time:
     D:2: 1232 daAuts
     D:1: 580 daAuts
     D:3: 273 daAuts
